 Dungeon Crawl Stone Soup version 0.31-a0-202-g547052bce9 (webtiles) character file.

Game seed: 12508413926657169072

1506 Ijustatesigmund the Stinger (level 8, 0/54 HPs)
             Began as an Octopode Venom Mage on June 27, 2023.
             Was an Elder of Cheibriados.
             Slain by a centaur zombie (3 damage)
             ... on level 7 of the Dungeon.
             The game lasted 00:18:59 (9066 turns).

Ijustatesigmund the Stinger (Octopode Venom Mage)   Turns: 9066, Time: 00:18:59

Health: 0/54       AC:  1    Str: 18    XL:     8   Next: 82%
Magic:  11/14      EV: 14    Int: 35    God:    Cheibriados [****..]
Gold:   331        SH:  0    Dex: 22    Spells: 5/15 levels left

rFire   . . .        t - +1 falchion (drain)
rCold   . . .        (no shield)
rNeg    . . .        (helmet restricted)
rPois   .            (no amulet)
rElec   .            l - ring of see invisible
rCorr   .            j - +6 ring of intelligence
SInv    +            (no ring)
Will    .....        (no ring)
Stlth   ++++         (no ring)
HPRegen 0.29/turn    (no ring)
MPRegen 0.14/turn    (no ring)
                     (no ring)

%: no passive effects
@: studying Long Blades, very slow
A: almost no armour, amphibious, 8 rings, camouflage 1, gelatinous body 1,
(nimble swimmer 1), tentacles
a: Renounce Religion, Bend Time, Temporal Distortion, Slouch


You were on level 7 of the Dungeon.
You worshipped Cheibriados.
Cheibriados was greatly pleased with you.
You visited 1 branch of the dungeon, and saw 7 of its levels.

You collected 331 gold pieces.

Inventory:

Hand Weapons
 t - a +1 falchion of draining (weapon)
Armour
 f - an orb of energy
Magical Staves
 b - a staff of poison
Jewellery
 d - a ring of ice
 j - a +6 ring of intelligence (right tentacle)
 l - a ring of see invisible (left tentacle)
Wands
 o - a wand of light (13)
 p - a wand of mindburst (4)
 r - a wand of flame (21)
Scrolls
 h - a scroll of poison
 n - a scroll of torment
 q - 3 scrolls of teleportation
 v - a scroll of identify
Potions
 a - 2 potions of magic
 c - a potion of cancellation
 g - a potion of mutation
 i - a potion of curing
 k - a potion of berserk rage
 m - a potion of resistance
 s - a potion of lignification
 u - a potion of might


   Skills:
 - Level 3.7 Fighting
 - Level 5.0 Long Blades
 + Level 1.2 Staves
 - Level 2.0 Dodging
 - Level 2.6 Stealth
 + Level 4.1 Spellcasting
 + Level 3.2 Conjurations
 + Level 2.8 Transmutations
 + Level 3.3 Air Magic
 + Level 6.0 Poison Magic
 + Level 3.4 Invocations
 - Level 1.5 Evocations


You had 5 spell levels left.
You knew the following spells:

 Your Spells              Type           Power      Damage    Failure   Level
a - Sting                 Tmut/Pois      100%       1d8       1%          1
b - Poisonous Vapours     Pois/Air       80%        N/A       1%          2
c - Mephitic Cloud        Conj/Pois/Air  36%        N/A       2%          3
d - Olgreb's Toxic Radia  Pois           49%        N/A       3%          4

Your spell library contained the following spells:

 Spells                   Type           Power      Damage    Failure   Level
 Passwall                 Tmut/Erth      14%        N/A       3%          2
 Swiftness                Air            30%        N/A       3%          3
 Summon Small Mammal      Summ           28%        N/A       4%          1
 Ensorcelled Hibernation  Hex/Ice        14%        N/A       7%          2
 Sublimation of Blood     Necr           7%         N/A       7%          2
 Call Canine Familiar     Summ           7%         N/A       14%         3
 Summon Guardian Golem    Hex/Summ       7%         N/A       14%         3
 Petrify                  Tmut/Erth      17%        N/A       26%         4
 Irradiate                Conj/Tmut      14%        3d16      34%         5
 Orb of Destruction       Conj           15%        9d7       100%        7
 Spellforged Servitor     Conj/Summ      9%         N/A       100%        7
 Chain Lightning          Conj/Air       15%        3d20      100%        9
 Fire Storm               Conj/Fire      9%         8d2       100%        9
 Shatter                  Erth           3%         3d7*      100%        9


Dungeon Overview and Level Annotations

Branches:
Dungeon (7/15)             Temple (0/1) D:6

Altars:
Cheibriados
Okawaru
Qazlal
Uskayaw


Innate Abilities, Weirdness & Mutations

You cannot wear most types of armour.
You are amphibious.
You can wear up to eight rings at the same time.
Your skin changes colour to match your surroundings (Stealth+).
Your rubbery body absorbs attacks. (AC +1, EV +1)
((You are camouflaged when in or above water. (Stealth+)))
You have tentacles for arms and can constrict up to eight enemies at once.


Message History

Your Poison Magic skill increases to level 6!
Aiming: Throw Flame
Press: ? - help, Shift-Dir - straight line, f - centaur zombie
Aim: a centaur zombie (heavily damaged, not watching you, 100% to hit)
The puff of flame hits the centaur zombie.
The centaur zombie is severely damaged.
Your ice beast hits the centaur zombie.
Your ice beast freezes the centaur zombie.
The centaur zombie resists.
The gnoll hits your ice beast with a +0 halberd!
Aiming: Throw Flame
Press: ? - help, Shift-Dir - straight line, f/p - centaur zombie
Aim: a centaur zombie (severely damaged, 100% to hit)
The puff of flame hits the centaur zombie.
The centaur zombie is severely damaged.
Your ice beast hits the centaur zombie.
Your ice beast freezes the centaur zombie.
The centaur zombie resists.
The gnoll hits your ice beast with a +0 halberd!
You completely miss the centaur zombie.
The centaur zombie is severely damaged.
The centaur zombie hits you.
* * * LOW HITPOINT WARNING * * *
The centaur zombie barely misses you.
Your ice beast hits the centaur zombie.
Your ice beast freezes the centaur zombie.
The centaur zombie resists.
The gnoll hits your ice beast with a +0 halberd!
Your ice beast dies!
Your ice beast dissolves into shadows!
As you read the scroll of summoning, it crumbles to dust.
Wisps of shadow whirl around you... The centaur zombie hits you.
* * * LOW HITPOINT WARNING * * *
The centaur zombie kicks you.
* * * LOW HITPOINT WARNING * * *
The centaur zombie hits you.
* * * LOW HITPOINT WARNING * * *
The centaur zombie kicks you.
* * * LOW HITPOINT WARNING * * *
The centaur zombie hits you.
You die...

###### #....# #....# #....#
#....# ♣# #....# ..♣.. #....#
......###########....#########
♣....)..)ggoZ@oo............>#
..♣......gooZ.o.o.............
♣....#####.5.##.....#######..
♣..... #.oo##.....# #.. ♣♣
..... #...##.....# #.. ..
..... #...##.....# #.. .# ####
#...##.....# #.. .#
######.....# #.. .# #######
#..


You could see 3 gnolls, 2 centaur zombies, a friendly orc warrior (summoned), 3
friendly orc wizards, a friendly white imp (summoned) and 5 friendly orcs.

Vanquished Creatures
  Sigmund (D:6)
  2 water moccasins (D:5)
  2 bullfrogs
  2 gnoll sergeants
  5 killer bees (D:7)
  4 jellies
  An orc priest (D:5)
  A hound (D:5)
  2 iguanas
  A sleepcap (D:6)
  2 orc wizards (D:6)
  Robin (D:2)
  12 gnolls
  5 adders
  2 shadow imps (D:6)
  2 white imps
  An ufetubus (D:6)
  4 worms
  2 dart slugs
  21 orcs
  5 ball pythons
  6 bats
  17 endoplasms
  4 giant cockroaches
  10 goblins
  12 hobgoblins
  2 jackals (D:2)
  13 kobolds
  7 quokkas
  2 frilled lizards
  2 rats (D:1)
153 creatures vanquished.

Notes
Turn   | Place    | Note
-------+----------+-------------------------------------------
     0 | D:1      | Ijustatesigmund the Octopode Venom Mage began the quest for
                  | the Orb.
     0 | D:1      | Reached XP level 1. HP: 11/11 MP: 3/3
   349 | D:1      | Reached XP level 2. HP: 16/18 MP: 5/5
   352 | D:1      | Learned a level 2 spell: Poisonous Vapours
   723 | D:1      | Reached skill level 4 in Poison Magic
   921 | D:1      | Reached skill level 1 in Fighting
  1480 | D:2      | Reached XP level 3. HP: 23/23 MP: 2/6
  1530 | D:2      | Learned a level 3 spell: Mephitic Cloud
  1549 | D:2      | Noticed Robin
  1556 | D:2      | Killed Robin
  1557 | D:2      | Reached skill level 1 in Air Magic
  1747 | D:2      | Found a snail-covered altar of Cheibriados.
  1755 | D:2      | Became a worshipper of Cheibriados the Contemplative
  1842 | D:2      | Reached XP level 4. HP: 13/28 MP: 3/7
  2226 | D:2      | Reached skill level 1 in Conjurations
  2227 | D:2      | Reached * piety under Cheibriados
  3165 | D:3      | Found a stormy altar of Qazlal.
  3326 | D:3      | Found a hide-covered altar of Uskayaw.
  3409 | D:3      | Reached skill level 1 in Invocations
  3519 | D:3      | Reached XP level 5. HP: 33/33 MP: 4/9
  3723 | D:3      | Found an iron altar of Okawaru.
  4376 | D:4      | Reached ** piety under Cheibriados
  4639 | D:4      | Learned a level 4 spell: Olgreb's Toxic Radiance
  4845 | D:4      | Reached skill level 5 in Poison Magic
  4845 | D:4      | Reached XP level 6. HP: 38/38 MP: 6/10
  5286 | D:4      | Reached *** piety under Cheibriados
  5320 | D:5      | Entered Level 5 of the Dungeon
  5320 | D:5      | Noticed a water moccasin
  5435 | D:5      | Killed a water moccasin
  5558 | D:5      | Noticed a water moccasin
  5564 | D:5      | Killed a water moccasin
  5565 | D:5      | Reached XP level 7. HP: 43/43 MP: 12/12
  5667 | D:5      | Reached skill level 1 in Evocations
  6608 | D:6      | Reached **** piety under Cheibriados
  7368 | D:6      | Reached skill level 1 in Long Blades
  7649 | D:6      | Noticed Sigmund
  7656 | D:6      | Killed Sigmund
  7657 | D:6      | Reached XP level 8. HP: 44/51 MP: 5/13
  7831 | D:6      | Found a staircase to the Ecumenical Temple.
  8167 | D:7      | Reached skill level 5 in Long Blades
  8433 | D:7      | Reached skill level 1 in Staves
  9063 | D:7      | Reached skill level 6 in Poison Magic
  9066 | D:7      | Slain by a centaur zombie

Illustrated notes

Levels and vault maps discovered:
D:1:      dpeg_arrival_snail, layout_basic, hangedman_feature_mirror
D:2:      layout_loops_corners, basic_altar, minmay_pentomino_u4, uniq_robin
D:3:      kennysheep_six_static_rooms, layout_rooms, nicolae_uskayaw_suspiria,
          old_standard_altar, marbit_many_paths
D:4:      cheibrodos_fertilizer, layout_loops_cross
D:5:      layout_loops_ring
D:6:      layout_rooms, minmay_temple_entry_stoned_glass, uniq_sigmund
D:7:      layout_basic, nicolae_yredelemnul_corpse_copse

Skill      XL: |  1  2  3  4  5  6  7  8 |
---------------+-------------------------+-----
Poison Magic   | 4 5 6 |  6.0
Fighting       | 1 2 3 |  3.7
Air Magic      | 1 2 3 |  3.3
Conjurations   | 1 2 3 |  3.2
Invocations    | 1 2 3 |  3.4
Spellcasting   | 3 4 |  4.1
Transmutations | 2 |  2.8
Evocations     | 1 |  1.5
Long Blades    | 3 5 |  5.0
Staves         | 1 |  1.2
Dodging        | |  2.0
Stealth        | |  2.6

Action                     |  1- 3 |  4- 6 |  7- 9 || total
---------------------------+-------+-------+-------++-------
  Melee: Hand axe          |    74 |    36 |       ||   110
         Constrict         |    14 |    28 |    22 ||    64
         Tentacles         |    17 |    23 |    18 ||    58
         Whip              |       |    67 |    22 ||    89
         Punch             |       |     1 |     2 ||     3
         Falchion          |       |       |    37 ||    37
         Unarmed           |       |       |    10 ||    10
         Staff             |       |       |    14 ||    14
   Cast: Poisonous Vapours |    13 |    34 |    11 ||    58
         Sting             |     9 |    14 |     5 ||    28
         Mephitic Cloud    |     1 |     4 |     1 ||     6
         Olgreb's Toxic Ra |       |     2 |    10 ||    12
  Evoke: Wand              |       |     5 |    10 ||    15
    Use: Scroll            |     3 |     8 |     6 ||    17
         Potion            |       |     3 |       ||     3
   Stab: Sleeping          |     3 |     5 |     4 ||    12
         Confused          |     1 |     1 |       ||     2
 Armour: Skin              |     9 |     7 |     5 ||    21
  Dodge: Dodged            |    50 |    66 |    91 ||   207

Table legend: (Time is in decaauts)
 A = Elapsed time spent in this place.
 B = Non-inter-level travel time spent in this place.
 C = Inter-level travel time spent in this place.
 D = Time resting spent in this place.
 E = Time spent auto-exploring this place.
 F = Levels seen in this place.
 G = Mean time per level.
                   A        B        C        D        E       F      G
               +--------+--------+--------+--------+--------+-----+--------+
         Total |  10767 |  10545 |    222 |   3961 |   5274 |   7 | 1538.1 |
       Dungeon |  10767 |  10545 |    222 |   3961 |   5274 |   7 | 1538.1 |
               +--------+--------+--------+--------+--------+-----+--------+

Top non-repeatable levels by time:
     D:5: 2356 daAuts
     D:2: 1834 daAuts
     D:4: 1510 daAuts
     D:1: 1463 daAuts
     D:7: 1273 daAuts
     D:3: 1238 daAuts
     D:6: 1089 daAuts
